 Dungeon Crawl Stone Soup version 0.29-a0-284-gf9362112df (webtiles) character file.

Game seed: 14360198064310707986

186 siradein the Bolt Thrower (level 5, -16/46 HPs)
             Began as a Minotaur Hunter on Mar 18, 2022.
             Demolished by an ogre
             ... wielding a +0 giant club
              (21 damage)
             ... on level 5 of the Dungeon.
             The game lasted 00:08:03 (3131 turns).

siradein the Bolt Thrower (Minotaur Hunter)         Turns: 3131, Time: 00:08:04

Health: -16/46     AC:  7    Str: 18    XL:     5   Next: 38%
Magic:  4/4        EV: 13    Int:  6    God:
Gold:   282        SH:  0    Dex: 13    Spells: 4/4 levels left

rFire   . . .      SeeInvis .   b - +2 mace (vorpal)
rCold   + + .      Faith    .   (no shield)
rNeg    . . .      Spirit   .   v - +1 robe of Zogias {rElec rC+ Str+2 Dex-2}
rPois   .          Reflect  .   (helmet restricted)
rElec   +          Harm     .   k - +0 cloak
rCorr   .          Rampage  .   (no gloves)
Will    +....                   f - +1 pair of boots
Stlth   +.........              (no amulet)
HPRegen 0.15/turn               d - ring of protection from cold
MPRegen 0.09/turn               (no ring)

@: no status effects
A: horns 2, retaliatory headbutt, strong-willed 1, sense surroundings 1, shaggy
fur 1
a: no special abilities


You were on level 5 of the Dungeon.
You visited 1 branch of the dungeon, and saw 5 of its levels.

You collected 282 gold pieces.

Inventory:

Hand Weapons
 a - a +1 hand crossbow
 b - a +2 vorpal mace (weapon)
Armour
 f - a +1 pair of boots (worn)
 k - a +0 cloak (worn)
 v - the +1 robe of Zogias (worn) {rElec rC+ Str+2 Dex-2}
   (You found it on level 4 of the Dungeon)

   Str:       It affects your strength (+2).
   Dex:       It affects your dexterity (-2).
   rC:        It protects you from cold.
   rElec:     It insulates you from electricity.
Jewellery
 d - a ring of protection from cold (left hand)
Wands
 o - a wand of mindburst (8)
 t - a wand of acid (6)
Scrolls
 c - 2 scrolls of immolation
 e - a scroll of teleportation {unknown}
 g - 3 scrolls of noise {unknown}
 h - a scroll of torment {unknown}
 i - a scroll of amnesia {unknown}
 j - a scroll of summoning {unknown}
 l - a scroll of blinking {unknown}
 n - a scroll of fear {unknown}
 q - 5 scrolls of enchant weapon {unknown}
 s - 3 scrolls of magic mapping {unknown}
Potions
 m - a potion of cancellation {unknown}
 p - 2 potions of brilliance
 r - a potion of heal wounds {unknown}
 u - a potion of curing {unknown}


   Skills:
 + Level 3.7 Fighting
 * Level 5.8 Crossbows
 + Level 2.5 Armour
 + Level 3.3 Dodging
 - Level 0.7 Stealth


You had 4 spell levels left.
You didn't know any spells.
Your spell library contained the following spells:

 Spells                   Type           Power      Damage    Failure   Level
 Foxfire                  Conj/Fire      0%         2x1d4     45%         1
 Corpse Rot               Necr/Air       0%         N/A       58%         2
 Conjure Flame            Conj/Fire      0%         6-21      83%         3
 Inner Flame              Hex/Fire       0%         N/A       83%         3
 Dispel Undead            Necr           0%         3d6       99%         4
 Flame Wave               Conj/Fire      0%         2d4       99%         4
 Death Channel            Necr           0%         N/A       100%        6


Dungeon Overview and Level Annotations

Branches:
Dungeon (5/15)
 Temple: D:4-7

Altars:
The Shining One

Annotations:
D:3 2 transporters


Innate Abilities, Weirdness & Mutations

You have a pair of horns on your head.
You reflexively headbutt those who attack you in melee.
You are strong-willed. (Will+)
You passively map a small area around you.
You are covered in fur. (AC +1)


Message History

You climb downwards.
Found a hunting sling.
There is a stone staircase leading up here. 2 orcs come into view.
Found a fluorescent wand.
The orc shouts!
You hear a shout! x2
The orc moves out of view.
You shoot a bolt. The bolt hits the orc.
The orc is lightly wounded.
An ogre comes into view. It is wielding a +0 giant club.
You shoot a bolt. The bolt hits the orc.
The orc is almost dead.
You shoot a bolt. The bolt hits the orc.
You kill the orc!
You shoot a bolt.
The bolt hits the ogre but does no damage.
You shoot a bolt. The bolt barely misses the ogre.
The ogre hits you with a +0 giant club!!
Ouch! That really hurt!
An orc wizard comes into view. It is wielding a +0 dagger.
b - a +2 vorpal mace (weapon)
The ogre barely misses you.
You hit the ogre. Your headbutt misses the ogre.
The ogre is lightly wounded.
You closely miss the ogre.
The ogre is lightly wounded.
The ogre closely misses you. You furiously retaliate!
You headbutt the ogre, but do no damage.
The orc shouts!
You hit the ogre. You headbutt the ogre.
The ogre is moderately wounded.
The ogre hits you with a +0 giant club!!
* * * LOW HITPOINT WARNING * * *
Aiming: Mindburst
Press: ? - help, Shift-Dir - straight line, f/p - ogre
Aim: an ogre, wielding a +0 giant club (moderately wounded, chance to affect: 64%)
The ogre struggles to resist.
You hear a shout!
The ogre hits you with a +0 giant club!!
You die...

* , ,* , *
## #####
**###* ...
* *....
..., *#..
.o## #..
#..#
#..###/#
...
#...#)#*
#.###..o.#
, , ,
*#.....#O##
* *
###.###@#
#<# #.# *
#.# #.. *
#.# #### ,
,* #.# * *
#.# ** **
).# ,,, .##
* . *, * ,


You could see an ogre, an orc wizard and an orc.

Vanquished Creatures
  A necrophage (D:4)
  An orc wizard (D:4)
  4 adders
  3 orcs
  8 ball pythons
  4 bats
  6 endoplasms
  5 giant cockroaches
  6 goblins
  4 hobgoblins
  2 quokkas
  4 frilled lizards
  6 kobolds
  9 rats
63 creatures vanquished.

Vanquished Creatures (others)
  2 withered plants (D:5)
2 creatures vanquished.

Grand Total: 65 creatures vanquished

Notes
Turn   | Place    | Note
-------+----------+-------------------------------------------
     0 | D:1      | siradein the Minotaur Hunter began the quest for the Orb.
     0 | D:1      | Reached XP level 1. HP: 18/18 MP: 0/0
   149 | D:1      | Reached XP level 2. HP: 25/25 MP: 1/1
   341 | D:1      | Reached skill level 1 in Armour
   844 | D:2      | Reached XP level 3. HP: 31/31 MP: 2/2
   904 | D:2      | Reached skill level 5 in Crossbows
  1511 | D:3      | Found a transporter.
  1718 | D:3      | Found a faded altar of an unknown god.
  1831 | D:3      | Found a transporter.
  1859 | D:3      | Reached XP level 4. HP: 38/38 MP: 3/3
  1907 | D:3      | Found a glowing golden altar of the Shining One.
  2265 | D:3      | Gained mutation: You passively map a small area around you.
                  | [potion of mutation]
  2265 | D:3      | Gained mutation: You are covered in fur. (AC +1) [potion of
                  | mutation]
  2265 | D:3      | Gained mutation: You are strong-willed. (Will+) [potion of
                  | mutation]
  2419 | D:4      | Noticed a necrophage
  2427 | D:4      | Killed a necrophage
  2428 | D:4      | Reached XP level 5. HP: 45/45 MP: 4/4
  2672 | D:4      | Identified the +1 robe of Zogias {rElec rC+ Str+2 Dex-2}
  3113 | D:5      | Entered Level 5 of the Dungeon
  3121 | D:5      | Noticed an ogre
  3131 | D:5      | Demolished by an ogre

Illustrated notes

Levels and vault maps discovered:
D:1:      dpeg_arrival_signposts, layout_basic, minmay_tetromino_s2
D:2:      layout_basic
D:3:      gammafunk_wand_slinger, layout_loops_ring,
          mainiacjoe_overflow_24_doors, hellmonk_ecumenical_altar_lost_god,
          wander_ebering_terrifying_dragon_lair
D:4:      layout_basic, chequers_serial_rivers_micro_a, due_unseen_surprise
D:5:      layout_loops_ring, old_standard_altar, kiku_gazebo_garden_becter,
          serial_shops, shop, grunt_ministairs_13, minmay_misc_feat_columns

Skill      XL: |  1  2  3  4 |
---------------+-------------+-----
Armour         | 1 2 |  2.5
Fighting       | 3 |  3.7
Crossbows      | 5 |  5.8
Dodging        | 3 |  3.3
Stealth        | |  0.7

Action                   |  1- 3 |  4- 6 || total
-------------------------+-------+-------++-------
Melee: Mace              |       |    16 ||    16
       Headbutt          |       |     2 ||     2
 Fire: Hand crossbow     |   103 |    34 ||   137
Evoke: Wand              |       |     1 ||     1
  Use: Scroll            |       |     2 ||     2
       Potion            |       |     1 ||     1
Armor: Leather armour    |     2 |       ||     2
       Scale mail        |    11 |    17 ||    28
Dodge: Dodged            |    24 |     5 ||    29

Table legend: (Time is in decaauts)
 A = Elapsed time spent in this place.
 B = Non-inter-level travel time spent in this place.
 C = Inter-level travel time spent in this place.
 D = Time resting spent in this place.
 E = Time spent auto-exploring this place.
 F = Levels seen in this place.
 G = Mean time per level.
                   A        B        C        D        E       F      G
               +--------+--------+--------+--------+--------+-----+--------+
         Total |   3182 |   3038 |    144 |      4 |   2596 |   5 |  636.4 |
       Dungeon |   3182 |   3038 |    144 |      4 |   2596 |   5 |  636.4 |
               +--------+--------+--------+--------+--------+-----+--------+

Top non-repeatable levels by time:
     D:3: 872 daAuts
     D:1: 846 daAuts
     D:4: 837 daAuts
     D:2: 606 daAuts
     D:5: 19 daAuts
